 Dungeon Crawl Stone Soup version 0.30-a0-726-gd89dcf765f (webtiles) character file.

Game seed: 11065325531163192313

193 hikkokomori the Ducker (level 5, -4/41 HPs)
             Began as a Vampire Gladiator on Jan 30, 2023.
             Splashed by a jelly's acid (10 damage)
             ... on level 4 of the Dungeon.
             The game lasted 00:02:39 (1737 turns).

hikkokomori the Ducker (Vampire Gladiator)          Turns: 1737, Time: 00:02:40

Health: -4/41      AC: -12   Str: 13    XL:     5   Next: 43%
Magic:  5/5        EV: 14    Int: 10    God:
Gold:   64         SH:  0    Dex: 18    Spells: 4/4 levels left

rFire   . . .      SeeInvis +    a - +0 long sword
rCold   . . .      Faith    .    (no shield)
rNeg    . . .      Spirit   .    b - +0 leather armour
rPois   .          Reflect  .    c - +0 helmet
rElec   .          Harm     .    (no cloak)
rCorr   .          Rampage  .    (no gloves)
Will    .....                    (no boots)
Stlth   +++                      (no amulet)
HPRegen 0.46/turn                (no ring)
MPRegen 0.09/turn                (no ring)

@: corroded, healing quickly
A: alive, fangs 3, see invisible, vampiric 2
a: Exsanguinate


You were on level 4 of the Dungeon.
You visited 1 branch of the dungeon, and saw 5 of its levels.

You collected 64 gold pieces.

Inventory:

Hand Weapons
 a - a +0 long sword (weapon)
 o - a +0 shortbow
Missiles
 d - 3 throwing nets (quivered)
 e - 5 javelins
Armour
 b - a +0 leather armour (worn)
 c - a +0 helmet (worn)
Scrolls
 f - a scroll of fog
 h - a scroll of immolation {unknown}
 l - 2 scrolls of enchant weapon {unknown}
 m - a scroll of teleportation {unknown}
 n - 2 scrolls of identify {unknown}
 q - a scroll of enchant armour {unknown}
Potions
 g - 3 potions of heal wounds {unknown}
 i - 2 potions of lignification {unknown}
 j - a potion of might {unknown}
 k - a potion of mutation {unknown}
 p - a potion of magic {unknown}


   Skills:
 + Level 3.0 Fighting
 + Level 4.0 Long Blades
 - Level 1.5 Throwing
 + Level 4.4 Dodging
 + Level 4.0 Stealth


You had 4 spell levels left.
You didn't know any spells.
Your spell library contained the following spells:

 Spells                   Type           Power      Damage    Failure   Level
 Lesser Beckoning         Tloc           0%         N/A       58%         2
 Gell's Gravitas          Tloc           0%         N/A       82%         3
 Stone Arrow              Conj/Erth      0%         3d7       82%         3
 Teleport Other           Tloc           0%         N/A       82%         3
 Animate Armour           Summ/Erth      0%         N/A       99%         4
 Summon Ice Beast         Ice/Summ       0%         N/A       99%         4
 Summon Mana Viper        Hex/Summ       0%         N/A       100%        5
 Monstrous Menagerie      Summ           0%         N/A       100%        7
 Lehudib's Crystal Spear  Conj/Erth      0%         10d2      100%        8


Dungeon Overview and Level Annotations

Branches:
Dungeon (5/15)
 Temple: D:4-7

Altars:


Innate Abilities, Weirdness & Mutations

Your natural rate of healing is accelerated.
You have razor-sharp teeth.
You have supernaturally acute eyesight. (SInv)
You are afflicted with vampirism and can become a bat while bloodless.


Message History

q - a scroll labelled LEAK PYIRIZITH
Found a stone staircase leading up.
Found a stone staircase leading up.
There is a stone staircase leading up here.
You climb upwards.
There is a stone staircase leading down here.
You open the door.
A jelly comes into view.
Found a viscous yellow potion.
A jelly is nearby!
A jelly is nearby!
A jelly is nearby!
There is an open door here.
An endoplasm comes into view.
Found an escape hatch in the ceiling.
The jelly quivers.
You hit the jelly.
Your hands burn!
The jelly is lightly wounded.
The jelly closely misses you.
You hit the jelly. The acid corrodes you!
Your hands burn!
The jelly is moderately wounded.
The jelly hits you.
You are splashed with acid!
You hit the jelly.
Your hands burn!
The jelly is heavily wounded.
The endoplasm quivers.
The jelly hits you.
You are splashed with acid!
* * * LOW HITPOINT WARNING * * *
You are too injured to fight recklessly!
You hit the jelly. The acid corrodes you!
Your hands burn!
* * * LOW HITPOINT WARNING * * *
You bite the jelly, but do no damage.
The jelly is severely wounded.
The jelly closely misses you.
You hit the jelly but do no damage. The acid corrodes you!
Your hands burn!
* * * LOW HITPOINT WARNING * * *
The jelly is severely wounded.
The jelly hits you.
* * * LOW HITPOINT WARNING * * *
The acid corrodes you!
You are splashed with acid!
You die...

################
#...............
#...............
#......>........
#.....##...#####
##....##'###
..##.........#
.............#
.......@.....#
.......J....!#
..##.........#
#....##...#
#....##.J.+
...... ...#
+<..... ...#
##..... ..


You could see a jelly and an endoplasm.

Vanquished Creatures
  A centaur (D:5)
  7 adders
  A worm (D:3)
  A dart slug (D:1)
  An orc (D:3)
  6 ball pythons
  2 bats
  6 endoplasms
  2 giant cockroaches (D:2)
  4 hobgoblins
  2 jackals (D:1)
  5 kobolds
  2 quokkas
  3 frilled lizards
  4 rats
47 creatures vanquished.

Notes
Turn   | Place    | Note
-------+----------+-------------------------------------------
     0 | D:1      | hikkokomori the Vampire Gladiator began the quest for the
                  | Orb.
     0 | D:1      | Reached XP level 1. HP: 16/16 MP: 1/1
     0 | D:1      | Noticed a draconian
     0 | D:1      | Noticed a vampire
     1 | D:1      | Noticed an octopode
     3 | D:1      | Noticed an ogre
     5 | D:1      | Noticed a ghoul
     7 | D:1      | Noticed a human
     8 | D:1      | Noticed an elf
     9 | D:1      | Noticed a naga
    13 | D:1      | Noticed a troll
    15 | D:1      | Noticed a felid
    15 | D:1      | Noticed a vampire
    15 | D:1      | Noticed a draconian
    17 | D:1      | Noticed a felid
    65 | D:1      | Reached skill level 1 in Stealth
    80 | D:1      | Reached XP level 2. HP: 20/22 MP: 2/2
   768 | D:2      | Gained mutation: You are afflicted with vampirism and can
                  | become a bat while bloodless. [Vampire growth]
   768 | D:2      | Reached XP level 3. HP: 12/27 MP: 3/3
  1214 | D:3      | Reached XP level 4. HP: 34/34 MP: 4/4
  1564 | D:3      | You fall into a shaft and drop 2 floors!
  1564 | D:5      | Entered Level 5 of the Dungeon
  1591 | D:5      | Noticed a centaur
  1606 | D:5      | Killed a centaur
  1607 | D:5      | Reached XP level 5. HP: 16/41 MP: 5/5
  1737 | D:4      | Splashed by a jelly's acid

Illustrated notes

Levels and vault maps discovered:
D:1:      shiori_arrival_whats_in_store_for_you, layout_rooms
D:2:      layout_loops_cross, hangedman_abyss_or_decor_lesser_grid,
          serial_park_tiny_1
D:3:      layout_loops_ring, grunt_ministairs_13
D:4:      dreamdust_elfheim, layout_gridville, nemelex_dance_club_becter
D:5:      layout_loops_cross, biasface_ghost_orc_armoury, minivault_4,
          chequers_serial_rivers_micro_c, uniq_edmund

Skill      XL: |  1  2  3  4 |
---------------+-------------+-----
Stealth        | 1 2 4 |  4.0
Fighting       | 2 3 |  3.0
Dodging        | 4 |  4.4
Long Blades    | 4 |  4.0
Throwing       | |  1.5

Action                     |  1- 3 |  4- 6 || total
---------------------------+-------+-------++-------
  Melee: Long sword        |    76 |    64 ||   140
         Bite              |     8 |     6 ||    14
    Use: Scroll            |       |     1 ||     1
   Stab: Sleeping          |     5 |     2 ||     7
         Distracted        |       |     1 ||     1
 Armour: Leather armour    |    19 |    19 ||    38
  Dodge: Dodged            |    66 |    63 ||   129

Table legend: (Time is in decaauts)
 A = Elapsed time spent in this place.
 B = Non-inter-level travel time spent in this place.
 C = Inter-level travel time spent in this place.
 D = Time resting spent in this place.
 E = Time spent auto-exploring this place.
 F = Levels seen in this place.
 G = Mean time per level.
                   A        B        C        D        E       F      G
               +--------+--------+--------+--------+--------+-----+--------+
         Total |   1768 |   1699 |     69 |     53 |   1265 |   5 |  353.6 |
       Dungeon |   1768 |   1699 |     69 |     53 |   1265 |   5 |  353.6 |
               +--------+--------+--------+--------+--------+-----+--------+

Top non-repeatable levels by time:
     D:2: 752 daAuts
     D:3: 431 daAuts
     D:1: 407 daAuts
     D:5: 164 daAuts
     D:4: 12 daAuts
